AoeStats
← 7別再打我了啦

QS Arena

503116995Analyzed
4v4 RM · 1mo ago on Aug 30, 2026· 43m 36s· 8 players
Game mode
Random Map
Map size
Large (8 player)
Population
200
Speed
Normal
Resources
Standard
Victory
Conquest
Starting age
Dark Age
Ending age
Imperial Age
RankedLock teamsTeams togetherTeam positionsShared explorationLock speedFull tech treeHidden civsTurbo modeCheats
Victory
Defeat
🇨🇳 Spanish · China
905
+17
🇨🇳 Gurjaras · China
893
+18
🇨🇳 Franks · China
882
+18
🇹🇼 Huns · Taiwan
864
+19
🇨🇳 Turks · China
986
-20
🇹🇼 Shu · Taiwan
969
-20
🇷🇴 Franks · Romania
946
-19
🇦🇷 Bohemians · Argentina
846
-14
开局一片田
9:00 Feudal Age
11:02 Double-Bit Axe
13:35 Castle Age
11:46 Stone Mining
12:09 Horse Collar
13:02 Gold Mining
15:39 Stone Shaft Mining
18:37 Bow Saw
19:18 Loom
19:45 Heavy Plow
21:47 Wheelbarrow
23:54 Padded Archer Armor
25:40 Hand Cart
26:11 Leather Archer Armor
28:36 Town Watch
37:33 Imperial Age
35:04 Town Patrol
34:57 Fletching
38:00 Cavalier
38:46 Scale Barding Armor
38:52 Forging
39:30 Bloodlines
39:20 Husbandry
40:28 Two-Man Saw
39:57 Paladin
7別再打我了啦
0:36 Loom
10:17 Feudal Age
13:12 Wheelbarrow
13:01 Double-Bit Axe
12:59 Horse Collar
13:12 Gold Mining
15:36 Castle Age
14:14 Forging
14:33 Scale Barding Armor
14:45 Bloodlines
15:28 Stone Mining
16:35 Husbandry
25:54 Bow Saw
28:22 Iron Casting
33:35 Imperial Age
31:47 Fletching
31:58 Padded Archer Armor
32:31 Thumb Ring
34:02 Ballistics
34:38 Gold Shaft Mining
37:19 Chemistry
37:19 Cavalier
40:55 Heavy Cavalry Archer
42:04 Parthian Tactics
42:18 Bodkin Arrow
42:39 Leather Archer Armor
yarl
0:59 Loom
7:59 Feudal Age
8:32 Double-Bit Axe
8:28 Horse Collar
14:29 Castle Age
13:40 Stone Mining
13:44 Gold Mining
15:12 Heavy Plow
15:27 Bow Saw
17:39 Stone Shaft Mining
24:21 Gold Shaft Mining
25:26 Fletching
26:36 Wheelbarrow
26:12 Kshatriyas
26:39 Bodkin Arrow
32:11 Imperial Age
29:58 Hand Cart
30:26 Fortified Wall
31:03 Bloodlines
30:54 Husbandry
31:23 Forging
31:15 Scale Mail Armor
31:21 Scale Barding Armor
32:08 Ballistics
33:27 Crop Rotation
33:24 Conscription
32:32 Elite Chakram Thrower
32:40 Heavy Camel Rider
33:23 Town Watch
34:16 Iron Casting
34:46 Chain Barding Armor
35:11 Frontier Guards
35:36 Arson
36:32 Plate Barding Armor
37:28 Chain Mail Armor
38:56 Plate Mail Armor
38:51 Town Patrol
38:25 Siege Elephant
40:14 Chemistry
39:43 Bracer
39:43 Padded Archer Armor
40:40 Caravan
Depart
0:28 Loom
8:01 Feudal Age
9:21 Wheelbarrow
8:33 Double-Bit Axe
12:52 Castle Age
13:55 Bow Saw
14:14 Hand Cart
20:27 Gold Mining
22:31 Gold Shaft Mining
21:47 Stone Mining
26:16 Imperial Age
24:36 Forging
24:31 Scale Barding Armor
26:39 Iron Casting
26:10 Scale Barding Armor
27:24 Husbandry
27:22 Cavalier
29:04 Blast Furnace
28:26 Chain Barding Armor
28:59 Paladin
31:54 Plate Barding Armor
31:22 Caravan
32:53 Conscription
34:24 Chivalry
35:38 Light Cavalry
39:20 Devotion
41:58 Town Watch
41:41 Elite Throwing Axeman
42:41 #83
42:57 Hoardings
42:35 Scale Mail Armor
42:25 Fletching
42:49 Masonry
42:34 Murder Holes
43:40 Chemistry
43:01 Ballistics
42:56 Fortified Wall
43:12 Faith
44:14 Architecture
GeorMagnificu'
6:07 Loom
8:39 Feudal Age
9:07 Double-Bit Axe
17:08 Castle Age
15:51 Forging
16:25 Gold Mining
16:27 Stone Mining
25:35 Gold Shaft Mining
30:04 Imperial Age
29:36 Husbandry
31:49 Cavalier
34:02 Squires
34:32 Pikeman
37:17 Wheelbarrow
36:57 Bow Saw
38:23 Halberdier
42:47 Scale Mail Armor
CaroDaddy
0:45 Loom
8:01 Feudal Age
8:28 Double-Bit Axe
14:40 Castle Age
12:48 Horse Collar
14:52 Fletching
15:56 Wheelbarrow
16:19 Bow Saw
16:52 Padded Archer Armor
19:21 Heavy Plow
22:26 Scale Mail Armor
23:10 Light Cavalry
23:52 Husbandry
23:33 Elite Skirmisher
28:17 Town Watch
29:03 Murder Holes
32:28 Ballistics
NaCl
9:33 Feudal Age
7:52 Loom
12:36 Wheelbarrow
12:14 Double-Bit Axe
14:33 Castle Age
13:56 Horse Collar
16:00 Crossbowman
16:37 Fletching
17:06 Bow Saw
18:10 Gold Mining
18:56 Padded Archer Armor
20:06 Gold Shaft Mining
22:08 Bodkin Arrow
25:14 Thumb Ring
26:07 Ballistics
30:59 Imperial Age
29:18 Leather Archer Armor
31:21 Arbalester
32:31 Bolt Magazine
32:46 Bracer
34:34 Ring Archer Armor
34:28 Elite Skirmisher
36:15 Conscription
37:03 Chemistry
39:55 Fortified Wall
菜鸟
0:55 Loom
9:43 Feudal Age
16:09 Castle Age
13:51 Horse Collar
14:00 Double-Bit Axe
15:05 Gold Mining
16:04 Stone Mining
17:51 Bow Saw
18:06 Heavy Plow
29:30 Imperial Age
27:41 Wheelbarrow
27:52 Gold Shaft Mining
27:37 Bloodlines
27:50 Forging
28:26 Scale Mail Armor
29:50 Husbandry
29:58 Scale Barding Armor
31:39 Two-Man Saw
30:56 Hand Cart
31:52 Iron Casting
34:42 Blast Furnace
35:10 Fletching
35:57 Bodkin Arrow
36:45 Chain Mail Armor
38:14 Plate Mail Armor
38:05 Chain Barding Armor
38:59 Bracer
40:59 Plate Barding Armor
Connection lost

Rejoining the realm…

Still unreachable

The connection could not be restored.

Session expired

The server has moved on; the page needs a fresh start.